AoeStats
← Divigofo

Arabia

509162441Analyzed
1v1 RM · 5d ago on Sep 25, 2026· 31m 14s· 2 players
Game mode
Random Map
Map size
Tiny (2 player)
Population
200
Speed
Normal
Resources
Standard
Victory
Conquest
Starting age
Dark Age
Ending age
Imperial Age
RankedLock teamsTeams togetherTeam positionsShared explorationLock speedFull tech treeHidden civsTurbo modeCheats
Victory
Defeat
🇨🇷 Celts · Costa Rica
1146
+15
🇩🇪 Lithuanians · Germany
1129
-15
JHON_BOLTO
6:12 Loom
9:17 Feudal Age
15:38 Double-Bit Axe
23:05 Castle Age
22:30 Bloodlines
22:10 Double-Bit Axe
23:00 Gold Mining
23:39 Forging
24:05 Crossbowman
Divigofo
4:07 Loom
10:53 Feudal Age
12:08 Man-at-Arms
13:41 Double-Bit Axe
14:47 Wheelbarrow
21:27 Castle Age
21:08 Scale Mail Armor
21:18 Forging
21:13 Gold Mining
21:07 Horse Collar
24:02 Bow Saw
23:31 Long Swordsman
25:35 Chain Mail Armor
25:56 Iron Casting
27:24 Hand Cart
Connection lost

Rejoining the realm…

Still unreachable

The connection could not be restored.

Session expired

The server has moved on; the page needs a fresh start.